 Dungeon Crawl Stone Soup version 0.28-a0-224-g76b539d98b (webtiles) character file.

Game seed: 16383775382915978017

66 CzarTim the Slasher (level 4, -7/33 HPs)
             Began as a Djinni Gladiator on Aug 22, 2021.
             Blown up by Ijyb (20 damage)
             ... with a mindburst bolt
             ... on level 3 of the Dungeon.
             The game lasted 00:08:10 (2619 turns).

CzarTim the Slasher (Djinni Gladiator)              Turns: 2619, Time: 00:08:10

Health: -7/33      AC:  6    Str: 14    XL:     4   Next: 37%
Gold:   49         EV: 11    Int: 10    God:
                   SH:  0    Dex: 14

rFire   + + .      SeeInvis .   q - +3 rapier (elec)
rCold   x . .      Faith    .   (no shield)
rNeg    . . .      Spirit   .   r - +0 ring mail
rPois   ∞          Reflect  .   c - +0 helmet
rElec   .          Harm     .   (no cloak)
rCorr   .          Rampage  .   (no gloves)
Will    +....                   (boots unavailable)
Stlth   +.........              (no amulet)
HPRegen 0.11/turn               n - ring of willpower
MPRegen 0.00/turn               (no ring)

@: flying
A: sickness immunity, fire resistance 2, cold vulnerability 1, float, innate
caster, hp casting, extra vitality 1
a: no special abilities


You were on level 3 of the Dungeon.
You visited 1 branch of the dungeon, and saw 3 of its levels.

You collected 49 gold pieces.

Inventory:

Hand Weapons
 a - a +0 long sword
 q - a +3 rapier of electrocution (weapon)
Missiles
 d - 3 throwing nets
 f - 70 stones
 l - 13 poisoned darts (quivered)
 o - 25 arrows
Armour
 b - a +0 leather armour
 c - a +0 helmet (worn)
 r - a +0 ring mail (worn)
Jewellery
 n - a ring of willpower (left hand)
Wands
 w - a wand of mindburst (15)
Scrolls
 e - a scroll of silence {unknown}
 g - a scroll of fear {unknown}
 k - a scroll of acquirement {unknown}
 s - a scroll of fog {unknown}
 t - a scroll of magic mapping {unknown}
Potions
 h - a potion of berserk rage {unknown}
 i - a potion of flight
 j - a potion of haste {unknown}
 m - a potion of curing
 p - a potion of resistance {unknown}
 u - a potion of might {unknown}
 v - a potion of lignification {unknown}


   Skills:
 - Level 2.0 Fighting
 * Level 1.5(2.7) Short Blades
 - Level 3.5(3.7) Long Blades
 - Level 1.5 Throwing
 - Level 3.2 Dodging
 + Level 1.3 Spellcasting


You had 4 spell levels left.
You knew the following spells:

 Your Spells              Type           Power      Damage    Failure   Level
a - Summon Small Mammal   Summ           12%        N/A       38%         1
Your spell library was empty.

Dungeon Overview and Level Annotations

Branches:
Dungeon (3/15)

Altars:

Annotations:
D:3 1 transporter, Ijyb; bande's ghost, amateur GrFi


Innate Abilities, Weirdness & Mutations

You are immune to sickness and miasma.
You are immune to poison.
Your flesh is very heat resistant. (rF++)
You are vulnerable to cold. (rC-)
You float through the air rather than walking.
You learn spells naturally, not from books.
Your magical power is your life essence.
You have superior vitality. (+4 HP)


Message History

Your bat dies!
Your bat's corpse disappears in a puff of smoke!
Ijyb zaps a wand.
Your mind is blasted!
Ouch! That really hurt!
There is an open door here.
You closely miss Ijyb.
Ijyb is moderately wounded.
Ijyb barely misses you.
You hit Ijyb but do no damage.
Ijyb is moderately wounded.
Ijyb hits you but does no damage.
You puncture Ijyb!
Ijyb is severely wounded.
Ijyb drinks a potion.
Ijyb is healed!
You closely miss Ijyb.
Ijyb is lightly wounded.
Ijyb hits you with a +1 spectral club.
* * * LOW HITPOINT WARNING * * *
You closely miss Ijyb.
Ijyb is moderately wounded.
Ijyb hits you but does no damage.
It was a potion of flight.
You feel more buoyant. Ijyb hits you with a +1 spectral club.
* * * LOW HITPOINT WARNING * * *
It was a potion of curing.
You feel better. Ijyb closely misses you.
You puncture Ijyb!
Ijyb is severely wounded.
Ijyb barely misses you. x2
You closely miss Ijyb.
Ijyb is severely wounded.
Ijyb looks more healthy.
Ijyb hits you with a +1 spectral club.
You barely miss Ijyb.
Ijyb is almost dead.
Ijyb misses you.
You hit Ijyb but do no damage.
Ijyb is almost dead.
Ijyb zaps a wand.
Your mind is blasted!
Ouch! That really hurt!
You die...

#.# ####.###### ##.#.
#[........# ...
#.##.####..>....
#.#.##.#### #...
#.........# #.#
#.#######.# #(# #.#
#g# #.# ##@## #.#
##...## #.# ##.....##
#.###..†....##
#######.##.........#
.........'.........'..
##.#..####.........###
#...# ##.......## #.#.
##.....##


You could see Ijyb.

Vanquished Creatures
  2 adders
  2 worms
  4 dart slugs
  3 bats
  3 endoplasms
  A giant cockroach (D:2)
  4 goblins
  5 hobgoblins
  2 quokkas
  2 kobolds
  6 rats
34 creatures vanquished.

Vanquished Creatures (others)
  11 plants (D:3)
11 creatures vanquished.

Grand Total: 45 creatures vanquished

Notes
Turn   | Place    | Note
-------+----------+-------------------------------------------
     0 | D:1      | CzarTim the Djinni Gladiator began the quest for the Orb.
     0 | D:1      | Reached XP level 1. HP: 18/18 MP: 0/0
   189 | D:1      | Reached XP level 2. HP: 16/23 MP: 0/0
  1015 | D:2      | HP: 1/23 [dart slug/slug dart (5)]
  1017 | D:2      | Reached XP level 3. HP: 1/28 MP: 0/0
  1017 | D:2      | Learned a level 1 spell: Summon Small Mammal
  1337 | D:2      | Reached skill level 1 in Spellcasting
  1997 | D:2      | Reached skill level 1 in Short Blades
  2053 | D:2      | Reached XP level 4. HP: 33/33 MP: 0/0
  2360 | D:3      | Noticed an ice beast
  2364 | D:3      | Noticed bande's ghost (amateur GrFi)
  2366 | D:3      | Found a transporter.
  2398 | D:3      | Found a faded altar of an unknown god.
  2604 | D:3      | Noticed Ijyb
  2619 | D:3      | Blown up by Ijyb

Illustrated notes

Levels and vault maps discovered:
D:1:      heliophobic_arrival_enchanted_forest, layout_basic, minivault_27
D:2:      layout_loops_ring
D:3:      layout_loops_corners, hellmonk_ecumenical_altar_pennies_from_heaven,
          gammafunk_ghost_arena, serial_bayou_lagoon_a, uniq_ijyb

Skill      XL: |  1  2  3 |
---------------+----------+-----
Long Blades    | 3 |  3.5
Spellcasting   | 1 |  1.3
Short Blades   | 1 |  1.5
Fighting       | |  2.0
Throwing       | |  1.5
Dodging        | |  3.2

Action                   |  1- 3 |  4- 6 || total
-------------------------+-------+-------++-------
Melee: Long sword        |    47 |       ||    47
       Rapier            |    39 |    23 ||    62
Throw: Dart              |       |     2 ||     2
 Cast: Summon Small Mamm |       |     2 ||     2
  Use: Potion            |       |     2 ||     2
Armor: Leather armour    |    20 |       ||    20
       Ring mail         |    13 |     4 ||    17
Dodge: Dodged            |    45 |     8 ||    53
       Rpst.: Long sword |     8 |       ||     8

Table legend: (Time is in decaauts)
 A = Elapsed time spent in this place.
 B = Non-inter-level travel time spent in this place.
 C = Inter-level travel time spent in this place.
 D = Time resting spent in this place.
 E = Time spent auto-exploring this place.
 F = Levels seen in this place.
 G = Mean time per level.
                   A        B        C        D        E       F      G
               +--------+--------+--------+--------+--------+-----+--------+
         Total |   2635 |   2557 |     78 |    475 |   1733 |   3 |  878.3 |
       Dungeon |   2635 |   2557 |     78 |    475 |   1733 |   3 |  878.3 |
               +--------+--------+--------+--------+--------+-----+--------+

Top non-repeatable levels by time:
     D:1: 1324 daAuts
     D:2: 1051 daAuts
     D:3: 259 daAuts
